 Dungeon Crawl Stone Soup version 0.31-a0-246-g8cbcc1cb85 (webtiles) character file.

Game seed: 5909175535081786233

81 gruber the Ruffian (level 4, -5/33 HPs)
             Began as a Demonspawn Shapeshifter on July 12, 2023.
             Slain by a gnoll
             ... wielding a +0 flail
              (10 damage)
             ... on level 3 of the Dungeon.
             The game lasted 00:01:22 (1613 turns).

gruber the Ruffian (Demonspawn Shapeshifter)        Turns: 1613, Time: 00:01:23

Health: -5/33      AC:  2    Str: 17    XL:     4   Next: 19%
Magic:  4/4        EV: 12    Int:  9    God:
Gold:   49         SH:  4    Dex: 14    Spells: 3/3 levels left

rFire   . .          .
                       - Unarmed
rCold   . . .        (no shield)
rNeg    . . .        a - +0 animal skin
rPois   .            (helmet currently unavailable)
rElec   .            (cloak currently unavailable)
rCorr   .            (gloves currently unavailable)
SInv    .            (boots currently unavailable)
Will    .....        (no amulet)
Stlth   +            (no ring)
HPRegen 0.25/turn    (no ring)
MPRegen 0.09/turn

%: no passive effects
@: beast-form
A: beast (slay +1), condensation shield
a: no special abilities


You were on level 3 of the Dungeon.
You were a hulking beast.
You visited 1 branch of the dungeon, and saw 3 of its levels.

You collected 49 gold pieces.

Inventory:

Missiles
 l - 4 poisoned darts (quivered)
Armour
 a - a +0 animal skin (worn)
Talismans
 c - a beast talisman
Scrolls
 d - 2 scrolls of identify {unknown}
 j - 3 scrolls of vulnerability {unknown}
 k - a scroll of poison {unknown}
Potions
 b - a potion of lignification
 e - a potion of curing {unknown}
 f - a potion of attraction {unknown}
 g - a potion of degeneration {unknown}
 h - a potion of brilliance {unknown}
 i - a potion of resistance {unknown}


   Skills:
 * Level 2.2 Fighting
 - Level 1.7 Dodging
 - Level 4.0 Unarmed Combat
 - Level 2.6 Shapeshifting


You had 3 spell levels left.
You didn't know any spells.
Your spell library was empty.

Dungeon Overview and Level Annotations

Branches:
Dungeon (3/15)

Altars:


Innate Abilities, Weirdness & Mutations

You are a hulking beast.
Your limbs bulge with bestial killing power. (Slay +1)
A meltable shield of frost defends you. (SH +4)


Message History

Where to? (Enter - D:2 @ (x,y), ? - help)
There is a stone staircase leading up here.
There is a stone staircase leading down here.
You climb downwards.
There is a stone staircase leading up here.
A gnoll comes into view. It is wielding a +0 spear.
A gnoll is nearby!
A gnoll is nearby!
The gnoll shouts!
The gnoll barely misses you.
A gnoll is nearby!
The gnoll hits you with a +0 spear.
You hit the gnoll.
The gnoll is moderately wounded.
You hit the gnoll.
The gnoll is moderately wounded.
You block the gnoll's attack.
You hit the gnoll.
The gnoll is severely wounded.
The gnoll misses you.
You hit the gnoll.
The gnoll is almost dead.
The gnoll barely misses you.
A gnoll comes into view. It is wielding a +0 halberd.
The gnoll shouts!
You hit the gnoll.
You kill the gnoll!
You hear a shout!
A gnoll comes into view. It is wielding a +0 flail.
A gnoll comes into view. It is wielding a +0 whip.
The gnoll shouts!
You see here a +0 spear.
The gnoll attacks as you move away! You block the gnoll's attack.
The gnoll hits you from afar with a +0 halberd!
The gnoll attacks as you move away! The gnoll hits you with a +0 flail.
The gnoll attacks as you move away! The gnoll hits you with a +0 flail!
* * * LOW HITPOINT WARNING * * *
The gnoll attacks as you move away! The gnoll closely misses you.
The gnoll attacks as you move away! The gnoll hits you with a +0 flail!
You die...

#.# #.# #.# ###.### ..
#.....# .# #.....# .##
#.....# ..##
###<...h##########...#
+.......g.g.g.....#
####....########..##
## ##.#.# #....##.#
###.# ##..##.# #.#
##.#.# #.# #g.# #.#
#)## #.# #.......


You could see 3 gnolls.

Vanquished Creatures
  A gnoll (D:3)
  4 adders (D:2)
  A worm (D:2)
  A dart slug (D:2)
  4 ball pythons
  3 endoplasms
  A giant cockroach (D:1)
  2 hobgoblins (D:2)
  3 jackals (D:2)
  3 quokkas
  3 bats
  A frilled lizard (D:2)
  2 kobolds (D:2)
  3 rats
32 creatures vanquished.

Notes
Turn   | Place    | Note
-------+----------+-------------------------------------------
     0 | D:1      | gruber the Demonspawn Shapeshifter began the quest for the
                  | Orb.
     0 | D:1      | Reached XP level 1. HP: 16/16 MP: 1/1
   106 | D:1      | Reached skill level 2 in Unarmed Combat
   688 | D:2      | Gained mutation: A meltable shield of frost defends you.
                  | (SH +4) [demonic ancestry]
   688 | D:2      | Reached XP level 2. HP: 20/22 MP: 2/2
   723 | D:2      | Reached skill level 3 in Unarmed Combat
   795 | D:2      | Reached XP level 3. HP: 27/27 MP: 3/3
  1310 | D:2      | Reached skill level 4 in Unarmed Combat
  1310 | D:2      | Reached XP level 4. HP: 33/33 MP: 4/4
  1613 | D:3      | Slain by a gnoll

Illustrated notes

Levels and vault maps discovered:
D:1:      dpeg_arrival_round_b, layout_basic
D:2:      layout_loops_ring
D:3:      kennysheep_slugbush, layout_loops_corners,
          nicolae_overflow_quartered_altars, uniq_ijyb, uniq_robin

Skill      XL: |  1  2  3 |
---------------+----------+-----
Unarmed Combat | 2 3 4 |  4.0
Fighting       | |  2.2
Dodging        | |  1.7
Shapeshifting  | |  2.6

Action                     |  1- 3 |  4- 6 || total
---------------------------+-------+-------++-------
  Melee: Unarmed           |    75 |     6 ||    81
         Punch             |     1 |       ||     1
  Throw: Dart              |     5 |       ||     5
   Stab: Sleeping          |     1 |       ||     1
 Armour: Animal skin       |    15 |     1 ||    16
  Dodge: Dodged            |    48 |     6 ||    54
  Block: Other             |     5 |     2 ||     7

Table legend: (Time is in decaauts)
 A = Elapsed time spent in this place.
 B = Non-inter-level travel time spent in this place.
 C = Inter-level travel time spent in this place.
 D = Time resting spent in this place.
 E = Time spent auto-exploring this place.
 F = Levels seen in this place.
 G = Mean time per level.
                   A        B        C        D        E       F      G
               +--------+--------+--------+--------+--------+-----+--------+
         Total |   1608 |   1503 |    105 |      0 |   1276 |   3 |  536.0 |
       Dungeon |   1608 |   1503 |    105 |      0 |   1276 |   3 |  536.0 |
               +--------+--------+--------+--------+--------+-----+--------+

Top non-repeatable levels by time:
     D:2: 886 daAuts
     D:1: 681 daAuts
     D:3: 40 daAuts
